 Dungeon Crawl Stone Soup version 0.24-a0-180-g654ca03 (webtiles) character file.

Game seed: 16864954395534936136

161 CloudKeeper the Skirmisher (level 5, -3/47 HPs)
             Began as a Minotaur Abyssal Knight on Mar 13, 2019.
             Was a Priest of Lugonu.
             Slain by a gnoll
             ... wielding a +0 spear
              (4 damage)
             ... on level 3 of the Dungeon.
             The game lasted 00:15:26 (2450 turns).

CloudKeeper the Skirmisher (MiAK)                   Turns: 2450, Time: 00:15:27

Health: -3/47      AC:  7    Str: 14 (17) XL:     5   Next: 18%
Magic:  3/5        EV:  9    Int:  6 (9)  God:    Lugonu [***...]
Gold:   100        SH:  3    Dex:  8 (10) Spells: 4/4 levels left

rFire    + . .     SeeInvis .   a - +1 spear
rCold    + . .     Gourm    .   j - +0 buckler
rNeg     . . .     Faith    .   h - +0 scale mail
rPois    +         Spirit   .   (helmet restricted)
rElec    +         Reflect  .   (no cloak)
rCorr    +         Harm     .   (no gloves)
MR       .....                  m - +0 pair of boots
Stlth    ..........             (no amulet)
HPRegen  0.15/turn              k - ring of flight
MPRegen  0.09/turn              (no ring)

@: resistant
A: retaliatory headbutt, horns 2
a: Depart the Abyss, Bend Space, Banish, Renounce Religion, Evoke Flight


You were on level 3 of the Dungeon.
You worshipped Lugonu.
Lugonu was most pleased with you.
You were not hungry.

You visited 1 branch of the dungeon, and saw 3 of its levels.
You visited the Abyss 1 time.

You collected 100 gold pieces.

Inventory:

Hand Weapons
 a - a +1 spear (weapon)
Missiles
 q - 2 tomahawks (quivered)
Armour
 h - a +0 scale mail (worn)
 j - a +0 buckler (worn)
 m - a +0 pair of boots (worn)
Jewellery
 k - a ring of flight (left hand)
Wands
 p - a wand of digging (1)
 r - a wand of acid (8)
Scrolls
 b - a scroll of amnesia {unknown}
 e - 2 scrolls of remove curse {unknown}
 g - a scroll of enchant armour {unknown}
 l - a scroll of identify {unknown}
Potions
 o - 2 potions of flight {unknown}
 t - a potion of might {unknown}
Comestibles
 c - 6 rations
 s - 3 chunks of flesh


   Skills:
 + Level 4.7 Fighting
 + Level 4.2 Polearms
 + Level 0.6 Throwing
 + Level 3.1 Armour
 + Level 2.3 Dodging
 + Level 0.5 Shields
 + Level 2.1 Invocations


You had 4 spell levels left.
You didn't know any spells.
Your spell library was empty.

Dungeon Overview and Level Annotations

Branches:
Dungeon (3/15)

Altars:
Fedhas
Kikubaaqudgha
Makhleb
The Shining One


Innate Abilities, Weirdness & Mutations

You reflexively headbutt those who attack you in melee.
You have a pair of horns on your head.


Message History

You see here a +0 club.
You hit the gnoll but do no damage. Your headbutt misses the gnoll.
The gnoll is severely wounded.
The gnoll hits you with a cursed -1 halberd!
* * * LOW HITPOINT WARNING * * *
The gnoll hits you but does no damage.
You barely miss the gnoll. Your headbutt misses the gnoll.
The gnoll is severely wounded.
The gnoll closely misses you.
You puncture the gnoll!
You kill the gnoll!
Lugonu accepts your kill. The gnoll barely misses you.
The gnoll hits you with a +0 spear.
* * * LOW HITPOINT WARNING * * *
You see here a cursed -1 halberd.
You hit the gnoll.
The gnoll is heavily wounded.
The gnoll hits you with a +0 spear.
You die...

##.## #.#.# #.#......#
#######.#.####.#.###....#
###
.......###......o.......#
.####.## ##.##.#####....#
.# ##.###.##### #o#### #
##.#.## #.# # #.#.#.##
#.# # ##.#####.########.#
# #.## ##..og@)...#
#####.## ##รท##########
.......###.##
##......#.## ##.#####.##
...######## ...........
###########


You could see a gnoll and an orc.

Vanquished Creatures
  Terence (D:2)
  3 gnolls (D:3)
  3 adders
  2 dart slugs
  4 leopard geckos (D:1)
  An orc (D:3)
  8 bats
  A giant cockroach (D:3)
  8 goblins
  10 hobgoblins
  4 jackals (D:1)
  9 kobolds
  2 quokkas
  5 frilled lizards
  8 rats
69 creatures vanquished.

Notes
Turn   | Place    | Note
-------+----------+-------------------------------------------
     0 | Abyss:1  | CloudKeeper the Minotaur Abyssal Knight began the quest for
                  | the Orb.
     0 | Abyss:1  | Reached XP level 1. HP: 19/19 MP: 1/1
    15 | D:1      | Escaped the Abyss
    79 | D:1      | Reached XP level 2. HP: 25/27 MP: 2/2
   149 | D:1      | Reached ** piety under Lugonu
   370 | D:1      | Reached XP level 3. HP: 17/34 MP: 3/3
  1102 | D:2      | Noticed Terence
  1141 | D:2      | Killed Terence
  1141 | D:2      | Reached XP level 4. HP: 12/41 MP: 4/4
  1617 | D:2      | Found an ancient bone altar of Kikubaaqudgha.
  1659 | D:2      | Found a blossoming altar of Fedhas.
  1909 | D:2      | Found a glowing golden altar of the Shining One.
  2275 | D:3      | Reached *** piety under Lugonu
  2363 | D:3      | Found a burning altar of Makhleb.
  2382 | D:3      | Reached XP level 5. HP: 25/47 MP: 5/5
  2446 | D:3      | HP: 1/47 [gnoll/cursed -1 halberd (10)]
  2450 | D:3      | Slain by a gnoll

Levels and vault maps discovered:
D:1:      wander_arrival_abandoned_jail, layout_loops_ring, minmay_distorted
D:2:      layout_basic, kiku_gazebo_pond_becter, lemuel_doored_altar,
          overflow_temple_1_default, first_ration, uniq_terence
D:3:      layout_loops_ring, lightli_temple_of_fire,
          nicolae_ashenzari_panopticon
Abyss:1

Skill      XL: |  1  2  3  4 |
---------------+-------------+-----
Fighting       | 4 |  4.7
Polearms       | 3 4 |  4.2
Armour         | 3 |  3.1
Dodging        | 2 |  2.3
Invocations    | 2 |  2.1
Throwing       | |  0.6
Shields        | |  0.5

Action                   |  1- 3 |  4- 6 || total
-------------------------+-------+-------++-------
Melee: Spear             |   108 |    79 ||   187
       Headbutt          |    14 |     5 ||    19
Throw: Tomahawk          |       |    32 ||    32
Invok: Bend Space        |     6 |     4 ||    10
  Use: Potion            |       |     4 ||     4
  Eat: Chunk             |     1 |     4 ||     5
Armor: Leather armour    |    14 |       ||    14
       Scale mail        |    11 |    36 ||    47
Dodge: Dodged            |    44 |    35 ||    79
Block: Buckler           |     9 |    12 ||    21

Table legend:
 A = Non-vault XP
 B = Vault XP
 C = Vault XP percentage of total XP
 D = Non-vault monster count
 E = Vault monster count
 F = Vault count percentage of total count
                 A         B        C        D         E       F
            +---------+---------+-------+---------+---------+-------
      Total |     192 |      38 |  16.5 |      67 |       2 |   2.9
            +---------+---------+-------+---------+---------+-------
        D:1 |      48 |       2 |   4.0 |      26 |       1 |   3.7
        D:2 |      55 |      36 |  39.6 |      25 |       1 |   3.8
        D:3 |      89 |       0 |   0.0 |      16 |       0 |   0.0
            +---------+---------+-------+---------+---------+-------
